| TOP OF THE 1ST |
|
Corpus Christi Hooks batting - Pitching for Chattanooga Lookouts : RHP Matt Springer
|
|
Pitching: RHP Matt Springer
|
|
|
Batting: LHB Chris Cabrera
|
0-0: Called Strike 0-1: Ball 1-1: Foul Ball, location: 2F 1-2: Ball 2-2: Ball 3-2: SINGLE (Line Drive, 5D, EV 97.5 MPH)
|
|
Batting: RHB Antonio Gamez
|
0-0: Called Strike 0-1: Foul Ball, location: 2F 0-2: Hit by Pitch Chris Cabrera to second
|
|
Batting: LHB Daniel Lopez
|
0-0: Ball 1-0: Ball 2-0: Ball 3-0: Called Strike 3-1: SINGLE (Groundball, 6MD, EV 104.4 MPH) Chris Cabrera to third Antonio Gamez to second
|
|
Batting: LHB Dylan LaRose
|
0-0: Ball 1-0: Foul Ball, location: 2F 1-1: Ball 2-1: Called Strike 2-2: Foul Ball, location: 2F 2-2: Foul Ball, location: 2F 2-2: Ball 3-2: Fly out, F8 (Flyball, 89M, EV 74.4 MPH) Runner from 3rd tags up, SCORES, throw by CF Antonio Gamez to third
|
|
Batting: RHB Jim Huff
|
0-0: Called Strike 0-1: Ball 1-1: Fly out, F9 (Flyball, 89S, EV 93.1 MPH)
|
|
Batting: RHB Jordan Williams
|
0-0: Ball 1-0: Ball 2-0: Foul Ball, location: 2F 2-1: Foul Ball, location: 2F 2-2: Ball 3-2: Base on Balls Daniel Lopez to second
|
|
Batting: RHB Chris McGrath
|
0-0: Ball 1-0: Fly out, F3 (Popup, 3, EV 63.8 MPH)
|
| Top of the 1st over - 1 run, 2 hits, 0 errors, 3 left on base; Corpus Christi 1 - Chattanooga 0 |
| BOTTOM OF THE 1ST |
|
Chattanooga Lookouts batting - Pitching for Corpus Christi Hooks : RHP Ricardo Acosta
|
|
Pitching: RHP Ricardo Acosta
|
|
|
Batting: LHB Marius Tadini
|
0-0: Ball 1-0: SINGLE (Groundball, 4MD, EV 106.3 MPH)
|
|
Batting: RHB Ruben Martinez
|
0-0: Called Strike 0-1: Grounds into double play, 4-6-3 (Groundball, 34, EV 98.1 MPH)
|
|
Batting: LHB Matt Robertson
|
0-0: Foul Ball, location: 2F 0-1: Ball 1-1: Called Strike 1-2: Ball 2-2: Ball 3-2: Base on Balls
|
|
Batting: RHB Isaiah Easter
|
0-0: Called Strike 0-1: Ball 1-1: Swinging Strike 1-2: Fly out, F8 (Flyball, 8RD, EV 101.9 MPH)
|
| Bottom of the 1st over - 0 runs, 1 hit, 0 errors, 1 left on base; Corpus Christi 1 - Chattanooga 0 |
| TOP OF THE 2ND |
|
Corpus Christi Hooks batting - Pitching for Chattanooga Lookouts : RHP Matt Springer
|
|
Batting: RHB Greg Marlar
|
0-0: Ball 1-0: Ball 2-0: Ground out 4-3 (Groundball, 4, EV 85.0 MPH)
|
|
Batting: RHB Ben Glavich
|
0-0: Ball 1-0: Called Strike 1-1: Ground out 6-3 (Groundball, 6, EV 77.5 MPH)
|
|
Batting: LHB Chris Cabrera
|
0-0: Ground out 6-3 (Groundball, 6, EV 86.9 MPH)
|
| Top of the 2nd over - 0 runs, 0 hits, 0 errors, 0 left on base; Corpus Christi 1 - Chattanooga 0 |
| BOTTOM OF THE 2ND |
|
Chattanooga Lookouts batting - Pitching for Corpus Christi Hooks : RHP Ricardo Acosta
|
|
Batting: RHB Bobby Paredes
|
0-0: Reached on error, E6 (Groundball, 6, EV 80.6 MPH)
|
|
Batting: SHB Chris Ortiz
|
0-0: Foul Ball, location: 2F 0-1: Called Strike 0-2: Fielders Choice at 2nd, 6-4 (Groundball, 6, EV 80.0 MPH)
|
|
Batting: RHB Miguel Verduzco
|
0-0: Ball 1-0: Called Strike 1-1: Foul Ball, location: 2F 1-2: Ball 2-2: Fielders Choice at 2nd, 4-6 (Groundball, 4, EV 101.9 MPH)
|
|
Batting: RHB Francisque Regras
|
0-0: Called Strike 0-1: Ball 1-1: Ground out 1-3 (Groundball, 13S, EV 67.5 MPH)
|
| Bottom of the 2nd over - 0 runs, 0 hits, 1 error, 1 left on base; Corpus Christi 1 - Chattanooga 0 |
| TOP OF THE 3RD |
|
Corpus Christi Hooks batting - Pitching for Chattanooga Lookouts : RHP Matt Springer
|
|
Batting: RHB Antonio Gamez
|
0-0: Ball 1-0: Foul Ball, location: 2F 1-1: Fly out, F6 (Line Drive, 6, EV 70.0 MPH)
|
|
Batting: LHB Daniel Lopez
|
0-0: Foul Ball, location: 2F 0-1: Ball 1-1: SINGLE (Groundball, 4MD, EV 96.9 MPH)
|
|
Batting: LHB Dylan LaRose
|
0-0: Ball 1-0: Ball 2-0: Called Strike 2-1: DOUBLE (Line Drive, 9LD, EV 105.0 MPH) Daniel Lopez to third
|
|
Batting: RHB Jim Huff
|
0-0: Swinging Strike 0-1: Ball 1-1: Swinging Strike 1-2: Foul Ball, location: 2F 1-2: Foul Ball, location: 2F 1-2: Ball 2-2: Strikes out swinging
|
|
Batting: RHB Jordan Williams
|
0-0: Ground out 5-3 (Groundball, 56S, EV 87.5 MPH)
|
| Top of the 3rd over - 0 runs, 2 hits, 0 errors, 2 left on base; Corpus Christi 1 - Chattanooga 0 |
| BOTTOM OF THE 3RD |
|
Chattanooga Lookouts batting - Pitching for Corpus Christi Hooks : RHP Ricardo Acosta
|
|
Batting: RHB Ben Droge
|
0-0: Swinging Strike 0-1: Ball 1-1: Ball 2-1: Ball 3-1: Base on Balls
|
|
Batting: LHB Marius Tadini
|
0-0: Foul Ball, location: 2F 0-1: Swinging Strike 0-2: Ball 1-2: SINGLE (Groundball, 4S, EV 70.6 MPH) (infield hit) Ben Droge to second
|
|
Batting: RHB Ruben Martinez
|
0-0: Foul Ball, location: 2F 0-1: Swinging Strike 0-2: Foul Ball, location: 2F 0-2: Ball 1-2: Fielders Choice at 2nd, 3-6 (Groundball, 34, EV 91.9 MPH) Ben Droge to third
|
|
Batting: LHB Matt Robertson
|
0-0: Ball 1-0: Swinging Strike 1-1: Ball 2-1: Ball 3-1: Foul Ball, location: 2F 3-2: 3-RUN HOME RUN (Flyball, 7D, EV 99.4 MPH), Distance : 384 ft
|
|
Batting: RHB Isaiah Easter
|
0-0: Swinging Strike 0-1: Ground out 6-3 (Groundball, 6, EV 86.9 MPH)
|
|
Batting: RHB Bobby Paredes
|
0-0: Called Strike 0-1: Ball 1-1: Ball 2-1: Foul Ball, location: 2F 2-2: Fly out, F8 (Flyball, 78XD, EV 93.1 MPH)
|
| Bottom of the 3rd over - 3 runs, 2 hits, 0 errors, 0 left on base; Corpus Christi 1 - Chattanooga 3 |
| TOP OF THE 4TH |
|
Corpus Christi Hooks batting - Pitching for Chattanooga Lookouts : RHP Matt Springer
|
|
Batting: RHB Chris McGrath
|
0-0: Ball 1-0: DOUBLE (Groundball, 5L, EV 100.0 MPH)
|
|
Batting: RHB Greg Marlar
|
0-0: Foul Ball, location: 2F 0-1: Ground out 6-3 (Groundball, 4M, EV 90.0 MPH) Chris McGrath to third
|
|
Batting: RHB Ben Glavich
|
0-0: Ball 1-0: Swinging Strike 1-1: Called Strike 1-2: Ball 2-2: 2-RUN HOME RUN (Flyball, 9D, EV 98.1 MPH), Distance : 383 ft
|
|
Batting: LHB Chris Cabrera
|
0-0: Ground out 4-3 (Groundball, 4S, EV 89.4 MPH)
|
|
Batting: RHB Antonio Gamez
|
0-0: Foul Ball, location: 2F 0-1: Ball 1-1: Called Strike 1-2: Strikes out looking
|
| Top of the 4th over - 2 runs, 2 hits, 0 errors, 0 left on base; Corpus Christi 3 - Chattanooga 3 |
| BOTTOM OF THE 4TH |
|
Chattanooga Lookouts batting - Pitching for Corpus Christi Hooks : RHP Ricardo Acosta
|
|
Batting: SHB Chris Ortiz
|
0-0: Ball 1-0: Swinging Strike 1-1: Ground out 6-3 (Groundball, 6, EV 80.6 MPH)
|
|
Batting: RHB Miguel Verduzco
|
0-0: Ground out 4-3 (Groundball, 4, EV 101.3 MPH)
|
|
Batting: RHB Francisque Regras
|
0-0: Ball 1-0: Foul Ball, location: 2F 1-1: SINGLE (Groundball, 56, EV 107.5 MPH) (infield hit)
|
|
Batting: RHB Ben Droge
|
0-0: Fielders Choice at 2nd, 6-4 (Groundball, 6, EV 77.5 MPH)
|
| Bottom of the 4th over - 0 runs, 1 hit, 0 errors, 1 left on base; Corpus Christi 3 - Chattanooga 3 |
| TOP OF THE 5TH |
|
Corpus Christi Hooks batting - Pitching for Chattanooga Lookouts : RHP Matt Springer
|
|
Batting: LHB Daniel Lopez
|
0-0: Ball 1-0: Fly out, F8 (Flyball, 8RXD, EV 80.6 MPH)
|
|
Batting: LHB Dylan LaRose
|
0-0: Ball 1-0: Fly out, F3 (Popup, 3SF, EV 75.6 MPH)
|
|
Batting: RHB Jim Huff
|
0-0: Swinging Strike 0-1: Ball 1-1: Called Strike 1-2: Foul Ball, location: 2F 1-2: Ball 2-2: Strikes out swinging
|
| Top of the 5th over - 0 runs, 0 hits, 0 errors, 0 left on base; Corpus Christi 3 - Chattanooga 3 |
| BOTTOM OF THE 5TH |
|
Chattanooga Lookouts batting - Pitching for Corpus Christi Hooks : RHP Ricardo Acosta
|
|
Batting: LHB Marius Tadini
|
0-0: Ball 1-0: Ball 2-0: Ball 3-0: Called Strike 3-1: Foul Ball, location: 2F 3-2: Ground out 4-3 (Groundball, 4, EV 76.9 MPH)
|
|
Batting: RHB Ruben Martinez
|
0-0: Called Strike 0-1: Swinging Strike 0-2: Ball 1-2: Strikes out swinging
|
|
Batting: LHB Matt Robertson
|
0-0: Foul Ball, location: 2F 0-1: Foul Ball, location: 2F 0-2: Ground out 4-3 (Groundball, 4, EV 83.1 MPH)
|
| Bottom of the 5th over - 0 runs, 0 hits, 0 errors, 0 left on base; Corpus Christi 3 - Chattanooga 3 |
| TOP OF THE 6TH |
|
Corpus Christi Hooks batting - Pitching for Chattanooga Lookouts : RHP Matt Springer
|
|
Batting: RHB Jordan Williams
|
0-0: Ball 1-0: Foul Ball, location: 2F 1-1: Ball 2-1: Called Strike 2-2: Ground out 6-3 (Groundball, 6, EV 83.8 MPH)
|
|
Batting: RHB Chris McGrath
|
0-0: Ground out 6-3 (Groundball, 56D, EV 86.9 MPH)
|
|
Batting: RHB Greg Marlar
|
0-0: Ball 1-0: Called Strike 1-1: SINGLE (Line Drive, 56D, EV 94.4 MPH)
|
|
Batting: RHB Ben Glavich
|
0-0: Foul Ball, location: 2F 0-1: Ball 1-1: Foul Ball, location: 2F 1-2: Ball 2-2: Strikes out swinging
|
| Top of the 6th over - 0 runs, 1 hit, 0 errors, 1 left on base; Corpus Christi 3 - Chattanooga 3 |
| BOTTOM OF THE 6TH |
|
Chattanooga Lookouts batting - Pitching for Corpus Christi Hooks : RHP Ricardo Acosta
|
|
Batting: RHB Isaiah Easter
|
0-0: Reached on error, E4 (Groundball, 4, EV 98.8 MPH)
|
|
Batting: RHB Bobby Paredes
|
0-0: Called Strike Isaiah Easter steals 2nd base 0-1: Called Strike 0-2: Ball 1-2: Strikes out looking
|
|
Batting: SHB Chris Ortiz
|
0-0: Called Strike 0-1: Swinging Strike 0-2: Strikes out swinging
|
|
Batting: RHB Miguel Verduzco
|
0-0: Foul Ball, location: 2F 0-1: Swinging Strike 0-2: Ball 1-2: Strikes out swinging
|
| Bottom of the 6th over - 0 runs, 0 hits, 1 error, 1 left on base; Corpus Christi 3 - Chattanooga 3 |
| TOP OF THE 7TH |
|
Corpus Christi Hooks batting - Pitching for Chattanooga Lookouts : RHP Matt Springer
|
|
Pitching: RHP Rich Nunez
|
|
|
Batting: LHB Chris Cabrera
|
0-0: Fly out, F7 (Flyball, 7, EV 93.8 MPH)
|
|
Batting: RHB Antonio Gamez
|
0-0: Swinging Strike 0-1: Foul Ball, location: 2F 0-2: Strikes out swinging
|
|
Batting: LHB Daniel Lopez
|
0-0: Swinging Strike 0-1: Swinging Strike 0-2: Strikes out swinging
|
| Top of the 7th over - 0 runs, 0 hits, 0 errors, 0 left on base; Corpus Christi 3 - Chattanooga 3 |
| BOTTOM OF THE 7TH |
|
Chattanooga Lookouts batting - Pitching for Corpus Christi Hooks : RHP Ricardo Acosta
|
|
Batting: RHB Francisque Regras
|
0-0: Ball 1-0: Ball 2-0: Called Strike 2-1: Ball 3-1: Foul Ball, location: 2F 3-2: Foul Ball, location: 2F 3-2: Base on Balls
|
|
Pitching: RHP Matt Carnevale
|
|
|
Batting: RHB Ben Droge
|
0-0: Sac Bunt to 25 - play at first, batter OUT! 5-4 Francisque Regras to second
|
|
Batting: LHB Marius Tadini
|
0-0: Intentional Walk
|
|
Batting: LHB Armando Rendon
|
0-0: Called Strike 0-1: Swinging Strike 0-2: Ball 1-2: Foul Ball, location: 2F 1-2: Foul Ball, location: 2F 1-2: Ball 2-2: Fielders Choice at 2nd, 3-6 (Groundball, 3, EV 92.5 MPH) Francisque Regras to third
|
|
Batting: LHB Matt Robertson
|
0-0: Ball 1-0: Swinging Strike 1-1: Called Strike 1-2: Strikes out swinging
|
| Bottom of the 7th over - 0 runs, 0 hits, 0 errors, 2 left on base; Corpus Christi 3 - Chattanooga 3 |
| TOP OF THE 8TH |
|
Corpus Christi Hooks batting - Pitching for Chattanooga Lookouts : RHP Rich Nunez
|
|
Batting: LHB Dylan LaRose
|
0-0: Called Strike 0-1: Called Strike 0-2: Ball 1-2: Ball 2-2: Fly out, F9 (Flyball, 9LD, EV 83.8 MPH)
|
|
Batting: RHB Jim Huff
|
0-0: Ball 1-0: Foul Ball, location: 2F 1-1: Foul Ball, location: 2F 1-2: Strikes out swinging
|
|
Batting: RHB Jordan Williams
|
0-0: Ball 1-0: SINGLE (Flyball, 3D, EV 85.6 MPH)
|
|
Batting: RHB Chris McGrath
|
0-0: Ball 1-0: Fly out, F9 (Flyball, 9S, EV 92.5 MPH)
|
| Top of the 8th over - 0 runs, 1 hit, 0 errors, 1 left on base; Corpus Christi 3 - Chattanooga 3 |
| BOTTOM OF THE 8TH |
|
Chattanooga Lookouts batting - Pitching for Corpus Christi Hooks : RHP Matt Carnevale
|
|
Batting: RHB Isaiah Easter
|
0-0: Fly out, F4 (Flyball, 34D, EV 83.1 MPH)
|
|
Batting: RHB Bobby Paredes
|
0-0: Ball 1-0: Ball 2-0: Ball 3-0: Called Strike 3-1: Base on Balls
|
|
Batting: SHB Chris Ortiz
|
0-0: Swinging Strike 0-1: Foul Ball, location: 2F 0-2: Ground out 5-3 (Groundball, 56S, EV 65.0 MPH) Bobby Paredes to second
|
|
Pinch Hitting: LHB Kozo Kanamori
|
0-0: Foul Ball, location: 2F 0-1: SINGLE (Groundball, 6M, EV 108.1 MPH) Bobby Paredes to third Runner from 3rd tries for Home, throw by CF and OUT! 8-2
|
| Bottom of the 8th over - 0 runs, 1 hit, 0 errors, 1 left on base; Corpus Christi 3 - Chattanooga 3 |
| TOP OF THE 9TH |
|
Corpus Christi Hooks batting - Pitching for Chattanooga Lookouts : RHP Rich Nunez
|
|
Now at 1B: Masaichi Tokunaga
|
|
|
Batting: RHB Greg Marlar
|
0-0: Swinging Strike 0-1: Called Strike 0-2: Strikes out looking
|
|
Batting: RHB Ben Glavich
|
0-0: Called Strike 0-1: Foul Ball, location: 2F 0-2: Foul Ball, location: 2F 0-2: Foul Ball, location: 2F 0-2: Strikes out swinging
|
|
Batting: LHB Chris Cabrera
|
0-0: Ball 1-0: Fly out, F7 (Line Drive, 7, EV 97.5 MPH)
|
| Top of the 9th over - 0 runs, 0 hits, 0 errors, 0 left on base; Corpus Christi 3 - Chattanooga 3 |
| BOTTOM OF THE 9TH |
|
Chattanooga Lookouts batting - Pitching for Corpus Christi Hooks : RHP Matt Carnevale
|
|
Pitching: RHP Jose Guajardo
|
|
|
Batting: RHB Francisque Regras
|
0-0: Ball 1-0: Ball 2-0: Hit by Pitch
|
|
Batting: RHB Ben Droge
|
0-0: Bunted foul 0-1: Bunt missed! 0-2: Ball 1-2: Foul Ball, location: 2F 1-2: Ball 2-2: Fly out, F7 (Line Drive, 7D, EV 98.8 MPH)
|
|
Batting: LHB Marius Tadini
|
0-0: Called Strike 0-1: Foul Ball, location: 2F 0-2: Ball 1-2: Strikes out looking
|
|
Batting: LHB Armando Rendon
|
0-0: Ground out 5-3 (Groundball, 56D, EV 84.4 MPH)
|
| Bottom of the 9th over - 0 runs, 0 hits, 0 errors, 1 left on base; Corpus Christi 3 - Chattanooga 3 |
| TOP OF THE 10TH |
|
Corpus Christi Hooks batting - Pitching for Chattanooga Lookouts : RHP Rich Nunez
|
|
Pitching: LHP Inkei Wakamatsu
|
|
|
Batting: RHB Antonio Gamez
|
0-0: Called Strike 0-1: Called Strike 0-2: Ball 1-2: Ball 2-2: Foul Ball, location: 2F 2-2: Strikes out looking
|
|
Batting: LHB Daniel Lopez
|
0-0: Called Strike 0-1: Ball 1-1: Ball 2-1: Fly out, F8 (Flyball, 8LD, EV 91.9 MPH)
|
|
Batting: LHB Dylan LaRose
|
0-0: Foul Ball, location: 2F 0-1: Ball 1-1: Ball 2-1: Foul Ball, location: 2F 2-2: Fly out, F9 (Flyball, 9LM, EV 85.0 MPH)
|
| Top of the 10th over - 0 runs, 0 hits, 0 errors, 0 left on base; Corpus Christi 3 - Chattanooga 3 |
| BOTTOM OF THE 10TH |
|
Chattanooga Lookouts batting - Pitching for Corpus Christi Hooks : RHP Jose Guajardo
|
|
Pitching: LHP Francisco de la Torre
|
|
|
Batting: LHB Matt Robertson
|
0-0: Ball 1-0: Foul Ball, location: 2F 1-1: Called Strike 1-2: Foul Ball, location: 2F 1-2: Ball 2-2: Foul Ball, location: 2F 2-2: Ball 3-2: Ground out 6-3 (Groundball, 6M, EV 106.3 MPH)
|
|
Batting: RHB Isaiah Easter
|
0-0: Ball 1-0: Ball 2-0: Foul Ball, location: 2F 2-1: Ball 3-1: Swinging Strike 3-2: Strikes out swinging
|
|
Batting: RHB Bobby Paredes
|
0-0: Ground out 6-3 (Groundball, 6, EV 88.8 MPH)
|
| Bottom of the 10th over - 0 runs, 0 hits, 0 errors, 0 left on base; Corpus Christi 3 - Chattanooga 3 |
| TOP OF THE 11TH |
|
Corpus Christi Hooks batting - Pitching for Chattanooga Lookouts : LHP Inkei Wakamatsu
|
|
Batting: RHB Jim Huff
|
0-0: Called Strike 0-1: Ball 1-1: Foul Ball, location: 2F 1-2: Strikes out swinging
|
|
Batting: RHB Jordan Williams
|
0-0: Called Strike 0-1: Foul Ball, location: 2F 0-2: Foul Ball, location: 2F 0-2: Ball 1-2: Foul Ball, location: 2F 1-2: Ball 2-2: Reached on error, E5 (Groundball, 5, EV 90.0 MPH)
|
|
Batting: RHB Chris McGrath
|
0-0: Called Strike 0-1: Fielders Choice at 2nd, 6-4 (Groundball, 6, EV 91.3 MPH)
|
|
Batting: RHB Greg Marlar
|
0-0: Ball 1-0: Ground out 4-3 (Groundball, 34, EV 83.1 MPH)
|
| Top of the 11th over - 0 runs, 0 hits, 1 error, 1 left on base; Corpus Christi 3 - Chattanooga 3 |
| BOTTOM OF THE 11TH |
|
Chattanooga Lookouts batting - Pitching for Corpus Christi Hooks : LHP Francisco de la Torre
|
|
Batting: SHB Chris Ortiz
|
0-0: SINGLE (Groundball, 34D, EV 110.6 MPH)
|
|
Batting: RHB Masaichi Tokunaga
|
0-0: Swinging Strike 0-1: Foul Ball, location: 2F 0-2: Strikes out swinging
|
|
Batting: RHB Francisque Regras
|
0-0: Ball 1-0: Called Strike 1-1: Fly out, F8 (Flyball, 8LD, EV 80.6 MPH)
|
|
Batting: RHB Ben Droge
|
0-0: Fly out, F9 (Flyball, 9, EV 85.6 MPH)
|
| Bottom of the 11th over - 0 runs, 1 hit, 0 errors, 1 left on base; Corpus Christi 3 - Chattanooga 3 |
| TOP OF THE 12TH |
|
Corpus Christi Hooks batting - Pitching for Chattanooga Lookouts : LHP Inkei Wakamatsu
|
|
Pitching: RHP Justin Gorden
|
|
|
Batting: RHB Ben Glavich
|
0-0: Called Strike 0-1: Foul Ball, location: 2F 0-2: Strikes out swinging
|
|
Batting: LHB Chris Cabrera
|
0-0: Ball 1-0: Ball 2-0: Ball 3-0: Base on Balls
|
|
Batting: RHB Antonio Gamez
|
0-0: Called Strike 0-1: Ball 1-1: Swinging Strike 1-2: Strikes out swinging
|
|
Batting: LHB Daniel Lopez
|
0-0: SINGLE (Groundball, 6D, EV 96.3 MPH) Chris Cabrera to second
|
|
Batting: LHB Dylan LaRose
|
0-0: Called Strike 0-1: Ball 1-1: Ball 2-1: Swinging Strike 2-2: Foul Ball, location: 2F 2-2: Ball 3-2: Foul Ball, location: 2F 3-2: Fly out, F9 (Flyball, 9, EV 86.9 MPH)
|
| Top of the 12th over - 0 runs, 1 hit, 0 errors, 2 left on base; Corpus Christi 3 - Chattanooga 3 |
| BOTTOM OF THE 12TH |
|
Chattanooga Lookouts batting - Pitching for Corpus Christi Hooks : LHP Francisco de la Torre
|
|
Batting: LHB Marius Tadini
|
0-0: Ball 1-0: Fly out, F8 (Line Drive, 8LM, EV 93.1 MPH)
|
|
Batting: RHB Justin Allison
|
0-0: Ball 1-0: Ball 2-0: Ball 3-0: Called Strike 3-1: Called Strike 3-2: Foul Ball, location: 2F 3-2: Base on Balls
|
|
Batting: LHB Matt Robertson
|
0-0: Ball 1-0: SINGLE (Groundball, 34, EV 94.4 MPH) Justin Allison to second Runner from 2nd tries for 3rd, SAFE, throw by RF made to third Matt Robertson to second
|
|
Batting: RHB Isaiah Easter
|
0-0: Intentional Walk
|
|
Pitching: RHP Michael Bruce
|
|
|
Batting: RHB Bobby Paredes
|
0-0: Called Strike 0-1: Called Strike 0-2: Ball 1-2: Ball 2-2: Strikes out looking
|
|
Batting: SHB Chris Ortiz
|
0-0: Ball 1-0: Foul Ball, location: 2F 1-1: Fly out, F7 (Flyball, 7LM, EV 89.4 MPH)
|
| Bottom of the 12th over - 0 runs, 1 hit, 0 errors, 3 left on base; Corpus Christi 3 - Chattanooga 3 |
| TOP OF THE 13TH |
|
Corpus Christi Hooks batting - Pitching for Chattanooga Lookouts : RHP Justin Gorden
|
|
Batting: RHB Jim Huff
|
0-0: Ball 1-0: Called Strike 1-1: Foul Ball, location: 2F 1-2: Ball 2-2: Ball 3-2: Base on Balls
|
|
Batting: RHB Jordan Williams
|
0-0: Called Strike 0-1: Ball 1-1: Foul Ball, location: 2F 1-2: Hit by Pitch Jim Huff to second
|
|
Batting: RHB Chris McGrath
|
0-0: Ball 1-0: Foul Ball, location: 2F 1-1: Swinging Strike 1-2: Ball 2-2: Grounds into double play, 3-6-3 (Groundball, 34, EV 110.6 MPH) Jim Huff to third
|
|
Batting: RHB Greg Marlar
|
0-0: Called Strike 0-1: Foul Ball, location: 2F 0-2: Ground out 5-3 (Groundball, 56, EV 87.5 MPH)
|
| Top of the 13th over - 0 runs, 0 hits, 0 errors, 1 left on base; Corpus Christi 3 - Chattanooga 3 |
| BOTTOM OF THE 13TH |
|
Chattanooga Lookouts batting - Pitching for Corpus Christi Hooks : RHP Michael Bruce
|
|
Batting: RHB Masaichi Tokunaga
|
0-0: Ball 1-0: Foul Ball, location: 2F 1-1: Ball 2-1: Ball 3-1: Foul Ball, location: 2F 3-2: Base on Balls
|
|
Batting: RHB Francisque Regras
|
0-0: Bunt missed! 0-1: Sac Bunt to P - play at first, batter OUT! 1-4 Masaichi Tokunaga to second
|
|
Batting: RHB Ben Droge
|
0-0: Ball 1-0: Ground out 4-3 (Groundball, 4M, EV 82.5 MPH) Masaichi Tokunaga to third
|
|
Batting: LHB Marius Tadini
|
0-0: Ball 1-0: Called Strike 1-1: Foul Ball, location: 2F 1-2: Foul Ball, location: 2F 1-2: Strikes out swinging
|
| Bottom of the 13th over - 0 runs, 0 hits, 0 errors, 1 left on base; Corpus Christi 3 - Chattanooga 3 |
| TOP OF THE 14TH |
|
Corpus Christi Hooks batting - Pitching for Chattanooga Lookouts : RHP Justin Gorden
|
|
Pitching: RHP Mike Ferry
|
|
|
Batting: RHB Ben Glavich
|
0-0: Called Strike 0-1: Foul Ball, location: 2F 0-2: Foul Ball, location: 2F 0-2: Strikes out looking
|
|
Batting: LHB Chris Cabrera
|
0-0: Ball 1-0: Ball 2-0: Ball 3-0: Called Strike 3-1: Base on Balls
|
|
Batting: RHB Antonio Gamez
|
0-0: Hit by Pitch Chris Cabrera to second
|
|
Batting: LHB Daniel Lopez
|
0-0: Ball 1-0: Ball 2-0: Foul Ball, location: 2F 2-1: Fielders Choice at 2nd, 4-6 (Groundball, 4, EV 85.0 MPH) Chris Cabrera to third
|
|
Batting: LHB Dylan LaRose
|
0-0: Called Strike 0-1: Swinging Strike 0-2: Ball 1-2: Ball 2-2: Ball 3-2: Foul Ball, location: 2F 3-2: Ground out 5-3 (Groundball, 15, EV 78.1 MPH)
|
| Top of the 14th over - 0 runs, 0 hits, 0 errors, 2 left on base; Corpus Christi 3 - Chattanooga 3 |
| BOTTOM OF THE 14TH |
|
Chattanooga Lookouts batting - Pitching for Corpus Christi Hooks : RHP Michael Bruce
|
|
Batting: RHB Justin Allison
|
0-0: Ground out 5-3 (Groundball, 56S, EV 72.5 MPH)
|
|
Batting: LHB Matt Robertson
|
0-0: Ground out 4-3 (Groundball, 4, EV 81.3 MPH)
|
|
Batting: RHB Isaiah Easter
|
0-0: Ball 1-0: DOUBLE (Flyball, 78XD, EV 108.1 MPH)
|
|
Batting: RHB Bobby Paredes
|
0-0: Ground out 4-3 (Groundball, 4, EV 100.6 MPH)
|
| Bottom of the 14th over - 0 runs, 1 hit, 0 errors, 1 left on base; Corpus Christi 3 - Chattanooga 3 |
| TOP OF THE 15TH |
|
Corpus Christi Hooks batting - Pitching for Chattanooga Lookouts : RHP Mike Ferry
|
|
Batting: RHB Jim Huff
|
0-0: Called Strike 0-1: Ball 1-1: Ball 2-1: Ball 3-1: Ground out 4-3 (Groundball, 4, EV 87.5 MPH)
|
|
Batting: RHB Jordan Williams
|
0-0: Called Strike 0-1: Ball 1-1: SOLO HOME RUN (Flyball, 78XD, EV 106.3 MPH), Distance : 397 ft
|
|
Batting: RHB Chris McGrath
|
0-0: Called Strike 0-1: Foul Ball, location: 2F 0-2: Strikes out swinging
|
|
Batting: RHB Greg Marlar
|
0-0: Called Strike 0-1: Ball 1-1: Foul Ball, location: 2F 1-2: Ground out 5-3 (Groundball, 5S, EV 79.4 MPH)
|
| Top of the 15th over - 1 run, 1 hit, 0 errors, 0 left on base; Corpus Christi 4 - Chattanooga 3 |
| BOTTOM OF THE 15TH |
|
Chattanooga Lookouts batting - Pitching for Corpus Christi Hooks : RHP Michael Bruce
|
|
Batting: SHB Chris Ortiz
|
0-0: Called Strike 0-1: Foul Ball, location: 2F 0-2: Ball 1-2: SINGLE (Groundball, 4MS, EV 65.6 MPH) (infield hit)
|
|
Batting: RHB Masaichi Tokunaga
|
0-0: Foul Ball, location: 2F 0-1: Foul Ball, location: 2F 0-2: Ball 1-2: 2-RUN HOME RUN (Flyball, 7D, EV 96.3 MPH), Distance : 377 ft
|
| Bottom of the 15th over - 2 runs, 2 hits, 0 errors, 0 left on base; Corpus Christi 4 - Chattanooga 5 |
| |
|
Game Over ... Chattanooga defeats Corpus Christi, 5 to 4
|
|
|